 Dungeon Crawl Stone Soup version 0.27-a0-1200-g94dc6ad4cf (webtiles) character file.

Game seed: 15555684104282654108

200 Bapho the Gusty (level 5, 0/28 HPs)
             Began as a Tengu Air Elementalist on June 1, 2021.
             Succumbed to Crazy Yiuf's poison
             ... on level 3 of the Dungeon.
             The game lasted 00:06:21 (3790 turns).

Bapho the Gusty (Tengu Air Elementalist)            Turns: 3790, Time: 00:06:22

Health: 0/28       AC:  4    Str:  6 (8)  XL:     5   Next: 79%
Magic:  1/11       EV: 14    Int: 14 (17) God:
Gold:   121        SH:  0    Dex: 11 (14) Spells: 0/10 levels left

rFire    . . .     SeeInvis .   o - +2 whip (elec)
rCold    . . .     Faith    .   (no shield)
rNeg     . . .     Spirit   .   a - +0 robe
rPois    .         Reflect  .   (helmet restricted)
rElec    .         Harm     .   h - +1 cloak
rCorr    .         Rampage  .   (no gloves)
Will     .....                  (boots unavailable)
Stlth    ++........             (no amulet)
HPRegen  0.09/turn              (no ring)
MPRegen  0.12/turn              (no ring)

@: lethally poisoned (0 -> -13), flying quickly and evasively, quick
A: beak, talons 3, nimble flight
a: no special abilities


You were on level 3 of the Dungeon.
You visited 1 branch of the dungeon, and saw 3 of its levels.

You collected 121 gold pieces.

Inventory:

Hand Weapons
 b - a +0 short sword
 j - a +0 quarterstaff
 o - a +2 whip of electrocution (weapon)
Missiles
 e - 2 silver javelins
 g - 5 javelins
Armour
 a - a +0 robe (worn)
 h - a +1 cloak (worn)
Jewellery
 l - a ring of ice
Scrolls
 m - a scroll of amnesia {unknown}
 n - a scroll of noise {unknown}
Potions
 c - a potion of might {unknown}
 f - a potion of ambrosia {unknown}
 i - a potion of curing {unknown}
 k - a potion of heal wounds {unknown}
 p - 2 potions of haste {unknown}


   Skills:
 - Level 2.1 Dodging
 - Level 2.0 Stealth
 * Level 3.4 Spellcasting
 - Level 4.2 Conjurations
 + Level 5.8 Air Magic


You couldn't memorise any spells.
You knew the following spells:

 Your Spells              Type           Power      Damage    Failure   Level
a - Shock                 Conj/Air       64%        1d7       2%          1
b - Swiftness             Air            18%        N/A       5%          3
c - Static Discharge      Conj/Air       16%        N/A       4%          2
d - Airstrike             Air            9%         N/A       19%         4

Your spell library contained the following spells:

 Spells                   Type           Power      Damage    Failure   Level
 Confusing Touch          Hex            2%         N/A       52%         3
 Gell's Gravitas          Tloc           1%         N/A       52%         3
 Lightning Bolt           Conj/Air       8%         1d20      58%         5
 Petrify                  Tmut/Erth      2%         N/A       90%         4
 Metabolic Englaciation   Hex/Ice        1%         N/A       99%         5
 Yara's Violent Unravell  Hex/Tmut       1%         3d3       99%         5


Dungeon Overview and Level Annotations

Branches:
Dungeon (3/15)

Altars:

Annotations:
D:3 Crazy Yiuf


Innate Abilities, Weirdness & Mutations

You have a beak for a mouth.
You have claws for feet.
Your magical nature lets you fly swiftly and evasively.


Message History

Casting: Shock (safe; 2% risk of failure)
Confirm with . or Enter, or press ? or * to list all spells.
The spell is extremely dangerous to cast (16% risk of failure)!
Continue anyway?
Aiming: Airstrike (extremely dangerous; 16% risk of failure)
Press: ? - help, Dir - move target, f - Crazy Yiuf
Aim: Crazy Yiuf, wielding a +2 quarterstaff of chaos and wearing a +2 cloak of stealth The air twists around and strikes Crazy Yiuf!
Crazy Yiuf is severely wounded.
You barely miss Crazy Yiuf. Your kick misses Crazy Yiuf.
Crazy Yiuf is severely wounded.
Crazy Yiuf hits you with a +2 quarterstaff of chaos!
Crazy Yiuf burns you.
You completely miss Crazy Yiuf. You claw Crazy Yiuf.
Crazy Yiuf is almost dead.
Crazy Yiuf barely misses you.
You completely miss Crazy Yiuf. Your kick misses Crazy Yiuf.
Crazy Yiuf is almost dead.
Crazy Yiuf closely misses you.
You closely miss Crazy Yiuf.
Crazy Yiuf is almost dead.
Crazy Yiuf closely misses you.
You barely miss Crazy Yiuf.
Crazy Yiuf is almost dead.
Crazy Yiuf misses you.
You closely miss Crazy Yiuf. Your peck misses Crazy Yiuf.
Crazy Yiuf is almost dead.
Crazy Yiuf yells, "Citrus bush turtle!"
Crazy Yiuf hits you with a +2 quarterstaff of chaos.
You are lethally poisoned!
Crazy Yiuf hits you with a +2 quarterstaff of chaos!
* * * LOW HITPOINT WARNING * * *
You feel your power leaking away.
Casting: Airstrike (extremely dangerous; 16% risk of failure)
Confirm with . or Enter, or press ? or * to list all spells.
You don't have enough magic to cast this spell.
Unknown command.
It was a potion of degeneration.
There was something very wrong with that liquid.
You feel weakened.
You feel dopey.
You feel clumsy.
You die...

# #.# #.<# #
#.# #### # #)#
# #.# ##### #
#.# #..)# # #.#
#...# # #.# ...
# #.# #g# # #.#
♣♣@♣ # #.# ♣.♣♣
# #.# ♣♣.♣ #
#.# ♣.♣♣ # #.#
♣♣.♣♣ ###.###
♣...♣♣ #.....#
♣....♣
#.###.####
##..## # #.#
#....###....###


You could see Crazy Yiuf.

Vanquished Creatures
  An orc priest (D:3)
  2 orc wizards (D:3)
  3 adders
  A worm (D:2)
  14 orcs (D:3)
  10 ball pythons
  3 bats
  9 endoplasms
  4 giant cockroaches
  3 goblins
  5 hobgoblins
  4 jackals (D:2)
  5 kobolds
  3 quokkas (D:2)
  4 frilled lizards
  5 rats
76 creatures vanquished.

Notes
Turn   | Place    | Note
-------+----------+-------------------------------------------
     0 | D:1      | Bapho the Tengu Air Elementalist began the quest for the
                  | Orb.
     0 | D:1      | Reached XP level 1. HP: 10/10 MP: 4/4
   232 | D:1      | Reached XP level 2. HP: 15/15 MP: 4/6
   851 | D:1      | Reached XP level 3. HP: 19/19 MP: 3/7
   855 | D:1      | Learned a level 3 spell: Swiftness
   865 | D:1      | Learned a level 2 spell: Static Discharge
  2050 | D:2      | Reached XP level 4. HP: 24/24 MP: 5/9
  2217 | D:2      | Reached skill level 5 in Air Magic
  2291 | D:3      | Found a runed translucent door.
  2292 | D:3      | Noticed Crazy Yiuf
  2887 | D:3      | Gained mutation: Your magical nature lets you fly swiftly
                  | and evasively. [Tengu growth]
  2887 | D:3      | Reached XP level 5. HP: 25/28 MP: 1/10
  3559 | D:3      | Learned a level 4 spell: Airstrike
  3790 | D:3      | Succumbed to Crazy Yiuf's poison

Illustrated notes

Levels and vault maps discovered:
D:1:      dpeg_arrival_castle, layout_basic, grunt_decor_one_mirror
D:2:      layout_basic
D:3:      layout_loops_ring, uniq_crazy_yiuf_cottage

Skill      XL: |  1  2  3  4  5 |
---------------+----------------+-----
Conjurations   | 2 3 4 |  4.2
Air Magic      | 5 |  5.8
Spellcasting   | 3 |  3.4
Dodging        | |  2.1
Stealth        | |  2.0

Action                   |  1- 3 |  4- 6 || total
-------------------------+-------+-------++-------
Melee: Short sword       |     2 |       ||     2
       Kick              |     2 |     2 ||     4
       Quarterstaff      |     4 |     2 ||     6
       Whip              |       |     6 ||     6
 Cast: Shock             |    86 |    73 ||   159
       Static Discharge  |       |     2 ||     2
       Airstrike         |       |     1 ||     1
  Use: Potion            |       |     1 ||     1
Armor: Robe              |     6 |     1 ||     7
Dodge: Dodged            |    11 |     7 ||    18

Table legend: (Time is in decaauts)
 A = Elapsed time spent in this place.
 B = Non-inter-level travel time spent in this place.
 C = Inter-level travel time spent in this place.
 D = Time resting spent in this place.
 E = Time spent auto-exploring this place.
 F = Levels seen in this place.
 G = Mean time per level.
                   A        B        C        D        E       F      G
               +--------+--------+--------+--------+--------+-----+--------+
         Total |   3756 |   3670 |     86 |      0 |   3234 |   3 | 1252.0 |
       Dungeon |   3756 |   3670 |     86 |      0 |   3234 |   3 | 1252.0 |
               +--------+--------+--------+--------+--------+-----+--------+

Top non-repeatable levels by time:
     D:3: 1477 daAuts
     D:1: 1297 daAuts
     D:2: 981 daAuts
